Map: Ruins of Seras

Players

uThermal - Winner!

  • Race: Terran Terran
  • League: Grandmaster

Jonic

  • Race: Protoss Protoss
  • League: Master

Event: DreamHack ZOWIE Open Leipzig

VOD

Have the link to the VOD?

Description

Time

  • Played on: Jan. 22, 2016, 7:30 a.m.
  • Length: 4:29

All games in this series

Show
View Real Time Build Order
Export as new Build Order

uThermal Terran - Winner!

Build Orders:  

Get SALT Encoding   

  12  0:01  SCV  
  13  0:13  SCV  
  14  0:18  Supply Depot  
  14  0:25  SCV  
  15  0:39  SCV  
  15  0:41  Barracks  
  16  0:46  Refinery  
  16  0:51  SCV  
  17  1:03  SCV  
  18  1:15  SCV  
  19  1:28  Barracks Reactor, Orbital Command  
  19  1:43  Command Center  
  19  1:50  Supply Depot  
  19  1:55  SCV  
  20  2:04  Marine  
  20  2:05  Marine  
  20  2:07  SCV  
  23  2:17  Factory  
  23  2:20  SCV  
  24  2:23  Marine  
  24  2:25  Marine  
  26  2:32  Refinery  
  26  2:33  SCV  
  27  2:41  Marine  
  27  2:43  Marine  
  29  2:46  SCV  
  30  2:56  Orbital Command  
  30  2:58  SCV  
  31  3:02  Starport  
  31  3:04  Factory Tech Lab  
  31  3:08  Marine x2  
  31  3:12  SCV  
  34  3:22  SCV  
  34  3:24  SCV  
  34  3:25  Cyclone  
  34  3:26  Marine  
  40  3:28  Marine  
  41  3:34  Supply Depot  
  41  3:35  SCV  
  42  3:44  Marine  
  42  3:46  Marine  
  44  3:53  Supply Depot  
  44  3:54  SCV  
  45  3:56  SCV  
  45  4:02  Marine  
  50  4:04  Marine  
  50  4:08  Supply Depot  
Show
View Real Time Build Order
Export as new Build Order

Jonic Protoss 

Build Orders: 1 Gate Expand 

Get SALT Encoding   

  12  0:02  Probe (Chrono Boost)  
  13  0:12  Probe (Chrono Boost)  
  14  0:18  Pylon  
  14  0:23  Probe (Chrono Boost)  
  15  0:36  Probe (Chrono Boost)  
  15  0:38  Gateway  
  16  0:46  Probe (Chrono Boost)  
  16  0:47  Assimilator  
  18  0:57  Probe (Chrono Boost)  
  18  1:07  Probe (Chrono Boost)  
  19  1:24  Nexus  
  19  1:34  Cybernetics Core  
  19  1:38  Probe (Chrono Boost)  
  20  1:45  Assimilator  
  20  1:49  Probe (Chrono Boost)  
  21  1:54  Pylon  
  21  1:59  Probe (Chrono Boost)  
  22  2:10  Probe (Chrono Boost)  
  22  2:12  Adept (Chrono Boost), Warp Gate (Chrono Boost)  
  25  2:21  Probe  
  26  2:30  Robotics Facility  
  26  2:36  Adept (Chrono Boost)  
  28  2:49  Gateway  
  28  2:50  Gateway  
  28  2:53  Gateway  
  28  3:01  Gateway  
  28  3:12  Pylon  
  28  3:17  Warp Prism (Chrono Boost)  
  30  3:24  Pylon  
  32  3:46  Pylon  
  30  3:50  Immortal  
  34  4:11  Adept  
  34  4:12  Adept  
  38  4:20  Stalker x2  

Tags
 
Add a new tag
Caveats
  • Supply blocks, unpowered buildings, or Contaminate may cause inaccurate times.
  • Supply counts are checked every 10 seconds.